 Dungeon Crawl Stone Soup version 0.24-b1-30-g840c9efd86 (webtiles) character file.

Game seed: 13563396044349375320, levelgen mode: deterministic

29 Esekla the Magician (level 3, -1/19 HPs)
             Began as a Deep Elf Wizard on Oct 23, 2019.
             Slain by an adder (2 damage)
             ... on level 2 of the Dungeon.
             The game lasted 00:06:51 (1329 turns).

Esekla the Magician (Deep Elf Wizard)               Turns: 1329, Time: 00:06:52

Health: -1/19      AC:  2    Str:  5    XL:     3   Next: 1%
Magic:  0/11       EV: 13    Int: 22    God:
Gold:   41         SH:  0    Dex: 13    Spells: 3/12 levels left

rFire    . . .     SeeInvis .   c - +0 dagger
rCold    . . .     Gourm    .   (no shield)
rNeg     . . .     Faith    .   a - +0 robe
rPois    .         Spirit   .   b - +0 hat
rElec    .         Reflect  .   (no cloak)
rCorr    .         Harm     .   (no gloves)
MR       .....                  (no boots)
Stlth    ++........             (no amulet)
HPRegen  0.06/turn              (no ring)
MPRegen  0.12/turn              (no ring)

@: lethally poisoned (-1 -> -4), very slightly contaminated
A: no striking features
a: no special abilities


You were on level 2 of the Dungeon.
You were very hungry.

You visited 1 branch of the dungeon, and saw 2 of its levels.

You collected 41 gold pieces.

Inventory:

Hand Weapons
 c - a +0 dagger (weapon)
 f - a cursed -3 short sword
 h - a +0 spear
Missiles
 k - 4 boomerangs (quivered)
Armour
 a - a +0 robe (worn)
 b - a +0 hat (worn)
Scrolls
 g - a scroll of teleportation {unknown}
 j - a scroll of remove curse {unknown}
 l - 2 scrolls of identify {unknown}
 m - 3 scrolls of immolation {unknown}
Potions
 e - a potion of brilliance {unknown}
 i - a potion of might {unknown}
Comestibles
 d - 2 rations


   Skills:
 + Level 0.3 Short Blades
 + Level 2.8 Dodging
 + Level 2.6 Stealth
 + Level 5.1 Spellcasting
 * Level 1.8 Conjurations
   Level 1.1 Summonings
 + Level 1.1 Translocations


You had 3 spell levels left.
You knew the following spells:

 Your Spells              Type           Power        Failure   Level  Hunger
a - Magic Dart            Conj           ##..         4%          1    None
b - Blink                 Tloc           N/A          10%         2    None
c - Mephitic Cloud        Conj/Pois/Air  #.......     24%         3    ##.....
d - Conjure Flame         Conj/Fire      #.......     21%         3    ##.....

Your spell library contained the following spells:

 Spells                   Type           Power        Failure   Level  Hunger
 Call Imp                 Summ           ##......     10%         2    None
 Slow                     Hex            #.......     16%         2    None


Dungeon Overview and Level Annotations

Branches:
Dungeon (2/15)

Altars:


Message History

The adder is severely wounded.
You feel sick. The adder closely misses you.
The leopard gecko closely misses you. The leopard gecko bites you.
* * * LOW HITPOINT WARNING * * *
The adder barely misses you.
* * * LOW HITPOINT WARNING * * *
You feel sick.
Your magical contamination has completely faded away.
The leopard gecko closely misses you.
Casting: Magic Dart (safe; 4% risk of failure)
Confirm with . or Enter, or press ? or * to list all spells.
Aiming: Magic Dart (safe; 4% risk of failure)
Press: ? - help, Shift-Dir - straight line, f/p - adder
Aim: an adder (severely wounded)
You miscast Magic Dart.
You are very lightly contaminated with residual magic.
Nothing appears to happen.
The adder bites you.
* * * LOW HITPOINT WARNING * * *
The leopard gecko closely misses you. The adder bites you.
You die...

. #.# ..
##..###.#
#.......##+#
#..........
#.........#
#.........# ..
#.........# ...
#......)@.#
...###....(.lS.#
...............#
...............#
......#.#..+####
......?.†.#..#
......#.#....#
.......(.....##
......(.......#


You could see an adder and a leopard gecko.

Vanquished Creatures
  A dart slug (D:2)
  A leopard gecko (D:2)
  3 giant cockroaches
  5 goblins
  A hobgoblin (D:1)
  3 kobolds
  A ball python (D:1)
  6 bats
  3 rats (D:1)
24 creatures vanquished.

Notes
Turn   | Place    | Note
-------+----------+-------------------------------------------
     0 | D:1      | Esekla the Deep Elf Wizard began the quest for the Orb.
     0 | D:1      | Reached XP level 1. HP: 10/10 MP: 7/7
   498 | D:1      | Reached XP level 2. HP: 15/15 MP: 4/9
   511 | D:1      | Learned a level 2 spell: Blink
   620 | D:2      | Reached skill level 5 in Spellcasting
  1298 | D:2      | Reached XP level 3. HP: 18/19 MP: 3/11
  1303 | D:2      | Learned a level 3 spell: Mephitic Cloud
  1307 | D:2      | Learned a level 3 spell: Conjure Flame
  1329 | D:2      | Slain by an adder

Skill      XL: |  1  2 |
---------------+-------+-----
Spellcasting   | 5 |  5.1
Short Blades   | |  0.3
Dodging        | |  2.8
Stealth        | |  2.6
Conjurations   | |  1.8
Summonings     | |  1.1
Translocations | |  1.1

Action                   || total
-------------------------++-------
Melee: Dagger            ||    42
 Cast: Magic Dart        ||    62
 Stab: Sleeping          ||     2
Armor: Robe              ||    16
Dodge: Dodged            ||    67
